 Dungeon Crawl Stone Soup version 0.21-a0-314-gb3271ec (webtiles) character file.

8190 Maldoror the Fighter (level 11, -4/87 HPs)
             Began as a Gnoll Wanderer on Sept 29, 2017.
             Was a High Priest of Okawaru.
             Slain by an ogre
             ... wielding a +0 giant club
              (23 damage)
             ... on level 10 of the Dungeon.
             The game lasted 00:35:32 (14106 turns).

Maldoror the Fighter (Gnoll Wanderer)              Turns: 14106, Time: 00:35:32

Health: -4/87      AC: 11    Str: 15    XL:     11   Next: 27%
Magic:  6/6        EV: 19    Int: 20    God:    Okawaru [*****.]
Gold:   697        SH:  6    Dex: 19    Spells: 22/22 levels left

rFire    . . .     SeeInvis .   o - +7 flail "Jepn" {antimagic, rElec rN+ Dex+2}
rCold    . . .     Gourm    .   c - +0 buckler
rNeg     + . .     Faith    +   G - +0 scale mail
rPois    .         Spirit   .   y - +1 helmet
rElec    +         Reflect  .   (no cloak)
rCorr    .         Harm     .   (no gloves)
MR       .....                  F - +0 pair of boots
Stlth    +++.......             x - amulet of faith
HPRegen  0.24/turn              I - +1 ring of slaying
MPRegen  0.10/turn              (no ring)

@: agile, lethally poisoned (-4 -> -9), slowed, very slow
A: distributed training, fangs 1, strong nose
a: Heroism, Finesse, Renounce Religion


You were on level 10 of the Dungeon.
You worshipped Okawaru.
Okawaru was extremely pleased with you.
You were very hungry.

You visited 3 branches of the dungeon, and saw 14 of its levels.

You collected 841 gold pieces.
You spent 144 gold pieces at shops.

Inventory:

Hand Weapons
 d - a +2 demon whip
 g - a +1 hunting sling
 l - a +1 long sword of holy wrath
 o - the +7 flail "Jepn" (weapon) {antimagic, rElec rN+ Dex+2}
   (You found it on level 1 of the Lair of Beasts)

   It reduces the magical energy of the wielder, and disrupts the spells and
   magical abilities of those hit.
   Natural abilities and divine invocations are not affected.
   It affects your dexterity (+2).
   It insulates you from electricity.
   It protects you from negative energy.
 p - a +1 rapier of speed
 C - the +1 hand axe of Collusion {freeze, rF+ rN+ SInv}
   (You found it on level 4 of the Dungeon)

   It has been specially enchanted to freeze those struck by it, causing extra
   injury to most foes and up to half again as much damage against particularly
   susceptible opponents.
   It can also slow down cold-blooded creatures.
   It protects you from fire.
   It protects you from negative energy.
   It lets you see invisible.
 H - a +0 dagger of venom
Missiles
 i - 2 tomahawks of returning
 j - 141 sling bullets
 k - 267 stones (quivered)
 J - 8 javelins
Armour
 c - a +0 buckler (worn)
 y - a +1 helmet (worn)
 F - a +0 pair of boots (worn)
 G - a +0 scale mail (worn)
Jewellery
 n - an uncursed amulet of rage
 x - an amulet of faith (around neck)
 I - a +1 ring of slaying (left hand)
 L - an uncursed ring of poison resistance {unknown}
Wands
 u - a wand of confusion (26/48)
 v - a wand of random effects (29/48)
 A - a wand of scattershot (1/9)
 D - a wand of disintegration (2/24)
 P - a wand of flame (29/48)
Scrolls
 a - 3 scrolls of blinking
 h - 8 scrolls of teleportation
 m - a scroll of amnesia
 q - 4 scrolls of fog
 r - 3 scrolls of magic mapping
 s - 3 scrolls of remove curse
 t - 2 scrolls of enchant armour
 w - 8 scrolls of identify
 B - a scroll of fear
Potions
 b - 2 potions of haste
 e - a potion of agility
 z - a potion of brilliance
 K - a potion of resistance
 R - a potion of berserk rage
 S - 2 potions of degeneration {unknown}
Books
 M - a book of Changes

   Spells                             Type                      Level
   a - Beastly Appendage              Transmutation                1
   b - Sticks to Snakes               Transmutation                2
   c - Spider Form                    Transmutation/Poison         3
   d - Ice Form                       Ice/Transmutation            4
   e - Blade Hands                    Transmutation                5
Comestibles
 f - 5 bread rations
 E - 7 meat rations
 N - a royal jelly
 Q - 26 fruits


   Skills:
 + Level 8.9 Fighting
 + Level 5.3 Short Blades
 + Level 6.5 Long Blades
 + Level 5.0 Axes
 + Level 5.0 Maces & Flails
 + Level 5.0 Polearms
 + Level 5.8 Staves
 + Level 4.7 Slings
 + Level 6.2 Bows
 + Level 4.7 Crossbows
 + Level 6.6 Throwing
 + Level 8.2 Armour
 + Level 6.8 Dodging
 + Level 6.3 Stealth
   Level 0.0 Stabbing
 + Level 6.5 Shields
   Level 0.0 Traps
 + Level 5.1 Unarmed Combat
 + Level 6.2 Spellcasting
 + Level 6.3 Conjurations
 + Level 6.0 Hexes
 + Level 4.8 Charms
 + Level 6.5 Summonings
 + Level 5.3 Necromancy
 + Level 6.4 Translocations
 + Level 6.3 Transmutations
 + Level 5.1 Fire Magic
 + Level 6.4 Ice Magic
 + Level 5.5 Air Magic
 + Level 5.9 Earth Magic
 + Level 5.1 Poison Magic
 + Level 7.2 Invocations
 + Level 6.8 Evocations


You had 22 spell levels left.
You didn't know any spells.

Dungeon Overview and Level Annotations

Branches:
Dungeon (11/15)            Temple (1/1) D:6            Lair (2/6) D:8
  Swamp: Lair:2-4    Shoals: Lair:2-4     Snake: Lair:2-4    Spider: Lair:2-4
    Orc: D:9-12

Altars:
Ashenzari
Cheibriados
Dithmenos
Elyvilon
Fedhas
Gozag
Hepliaklqana
Kikubaaqudgha
Makhleb
Nemelex Xobeh
Okawaru
Qazlal
Ru
Sif Muna
Trog
Uskayaw
Vehumet
Wu Jian
Xom
Yredelemnul
Zin
The Shining One

Shops:
D:5 *   D:7 =   D:9 *

Annotations:
D:11 Sonja
Lair:2 Sergey's ghost, journeyman KoAr


Innate Abilities, Weirdness & Mutations

Your experience applies equally to all skills.
You have very sharp teeth.
Your uncanny sense of smell can sniff out nearby items.


Message History

You have difficulty breathing.
You feel as though you will be slow longer.
You feel very sick. The acid dragon spits acid at you.
The splash of acid hits you!
You are splashed with acid!
The acid burns!
You feel sick.
There is a stone staircase leading up here.
You feel very sick. The ogre hits you with a giant club!
You climb upwards.
You feel very sick.
There is a stone staircase leading down here.
Unknown command.
You feel sick. The ogre hits you with a giant club!
* * * LOW HITPOINT WARNING * * *
You feel much better.
You feel sick. The ogre hits you with a giant club!
* * * LOW HITPOINT WARNING * * *
You feel agile all of a sudden.
You feel sick. The ogre hits you with a giant club!!
You die...

.##..##...#......#....#
.#........'......#....#
.#........#......#....#
.#........#......#....#
.####.....#......#'####
.####.....#...........#
..........#...........#
..........#...........#
..........'.....@O....#
#####.....#...........#
...########...........#
....# #......######
....# #......#....#
....# #......#....#
....# #......#....#
....# #......#....#
...># #......#...##


You could see an ogre.

Vanquished Creatures
  Pikel (D:9)
  A black mamba (Lair:1)
  A spiny frog (Lair:1)
  The ghost of anet the Magician, a novice DEWz (D:5)
  2 hornets
  A blink frog (Lair:1)
  3 hippogriffs
  6 yaks
  A basilisk (Lair:1)
  Eustachio (D:5)
  A steam dragon (D:8)
  A hungry ghost (D:9)
  A soldier ant (D:9)
  A water moccasin (D:6)
  5 porcupines
  3 orc warriors
  2 sky beasts
  4 phantoms
  2 ice beasts
  A necrophage (D:10)
  3 centaurs
  3 ogres
  A crocodile (Lair:1)
  A big kobold (D:9)
  5 bullfrogs
  A gnoll sergeant (D:9)
  4 killer bees
  3 howler monkeys
  5 crimson imps
  3 bullfrog zombies (D:5)
  4 bullfrog skeletons
  A centaur skeleton (D:10)
  A jelly (D:10)
  5 hounds
  3 orc priests
  6 orc wizards
  2 iguanas
  4 worker ants
  3 hound zombies
  A hound skeleton (D:5)
  A worker ant zombie (D:9)
  12 adders
  3 gnolls (D:9)
  3 shadow imps
  4 worms
  2 dart slugs
  5 leopard geckos
  30 orcs
  5 giant cockroaches
  10 goblins
  4 hobgoblins
  A jackal (D:1)
  4 quokkas
  3 ball pythons
  9 bats
  7 frilled lizards
  A jackal zombie (D:5)
  5 kobolds
  A leopard gecko zombie (D:6)
  5 rats
213 creatures vanquished.

Vanquished Creatures (others)
  A slave (D:9)
  A howler monkey (D:5)
  A jelly (D:5)
  An adder (D:9)
  2 orcs (D:5)
  7 fungi (D:8)
13 creatures vanquished.

Grand Total: 226 creatures vanquished

Notes
Turn   | Place    | Note
-------+----------+-------------------------------------------
     0 | D:1      | Maldoror the Gnoll Wanderer began the quest for the Orb.
     0 | D:1      | Maldoror set off with: a scroll of blinking, a potion of haste, 2 potions of lignification, a +0 robe, a +0 club, a bread ration
     0 | D:1      | Reached XP level 1. HP: 23/23 MP: 1/1
   192 | D:1      | Reached skill level 1 in Short Blades
   195 | D:1      | Reached XP level 2. HP: 27/29 MP: 3/3
   323 | D:1      | Reached skill level 1 in Ice Magic
  1337 | D:2      | Reached skill level 1 in Bows
  1338 | D:2      | Reached XP level 3. HP: 34/35 MP: 4/4
  1567 | D:2      | Reached skill level 1 in Stealth
  1567 | D:2      | Reached skill level 1 in Conjurations
  1803 | D:2      | Reached skill level 1 in Long Blades
  1838 | D:2      | Reached skill level 1 in Evocations
  1998 | D:2      | Reached XP level 4. HP: 41/41 MP: 5/5
  2537 | D:3      | Reached skill level 1 in Summonings
  2679 | D:3      | Reached skill level 1 in Necromancy
  2719 | D:3      | Reached skill level 1 in Maces & Flails
  2760 | D:3      | Reached skill level 1 in Slings
  2816 | D:3      | Reached skill level 1 in Fire Magic
  2863 | D:3      | Reached skill level 1 in Translocations
  2962 | D:3      | Reached skill level 1 in Polearms
  2977 | D:3      | Reached XP level 5. HP: 44/47 MP: 6/6
  3032 | D:3      | Reached skill level 1 in Spellcasting
  3411 | D:4      | Reached skill level 1 in Axes
  3411 | D:4      | Reached skill level 1 in Staves
  3411 | D:4      | Reached skill level 1 in Air Magic
  3411 | D:4      | Reached skill level 1 in Invocations
  3562 | D:4      | Noticed an ogre
  3575 | D:4      | Killed an ogre
  3575 | D:4      | Reached skill level 1 in Poison Magic
  3844 | D:4      | Noticed a phantom
  3847 | D:4      | Reached skill level 5 in Armour
  3847 | D:4      | Reached XP level 6. HP: 53/53 MP: 7/7
  3861 | D:4      | Killed a phantom
  3861 | D:4      | Reached skill level 1 in Hexes
  3861 | D:4      | Reached skill level 1 in Transmutations
  3861 | D:4      | Reached skill level 1 in Earth Magic
  4070 | D:4      | Got a slimy hand axe
  4071 | D:4      | Identified the cursed +1 hand axe of Collusion {freeze, rF+ rN+ SInv} (You found it on level 4 of the Dungeon)
  4271 | D:5      | Entered Level 5 of the Dungeon
  4283 | D:5      | Noticed anet's ghost (novice DEWz)
  4374 | D:5      | Reached skill level 1 in Crossbows
  4374 | D:5      | Reached skill level 5 in Dodging
  4384 | D:5      | Reached XP level 7. HP: 20/59 MP: 9/9
  4663 | D:5      | Found Yladilam's General Store.
  4664 | D:5      | Noticed Eustachio
  4672 | D:5      | Killed Eustachio
  4777 | D:5      | Reached skill level 1 in Charms
  4868 | D:5      | Reached XP level 8. HP: 62/65 MP: 12/12
  4982 | D:5      | Found a basalt altar of Yredelemnul.
  4994 | D:5      | Noticed a profane servitor
  4999 | D:5      | Found a glowing golden altar of the Shining One.
  5003 | D:5      | Noticed an angel
  5282 | D:5      | Killed anet's ghost
  5423 | D:5      | Found a burning altar of Makhleb.
  5424 | D:5      | Found a radiant altar of Vehumet.
  5821 | D:6      | Found a staircase to the Ecumenical Temple.
  5827 | Temple   | Entered the Ecumenical Temple
  5871 | Temple   | Became a worshipper of Warmaster Okawaru
  6118 | D:6      | Found an ancient bone altar of Kikubaaqudgha.
  6118 | D:6      | Found a snail-covered altar of Cheibriados.
  6123 | D:6      | Found a hide-covered altar of Uskayaw.
  6306 | D:7      | Reached skill level 5 in Evocations
  6306 | D:7      | Reached XP level 9. HP: 32/72 MP: 13/13
  6690 | D:7      | Found Fiuwnapp's Jewellery Emporium.
  6695 | D:7      | Bought a +1 ring of slaying for 84 gold pieces
  7111 | D:8      | Noticed a hornet
  7131 | D:8      | Killed a hornet
  7131 | D:8      | Reached * piety under Okawaru
  7131 | D:8      | Reached skill level 5 in Throwing
  7131 | D:8      | Reached skill level 5 in Shields
  7202 | D:8      | Found a stormy altar of Qazlal.
  7238 | D:8      | Found a shadowy altar of Dithmenos.
  7238 | D:8      | Found an opulent altar of Gozag.
  7556 | D:8      | Reached skill level 5 in Long Blades
  7579 | D:8      | Reached skill level 5 in Transmutations
  7585 | D:8      | Reached ** piety under Okawaru
  7599 | D:8      | Reached skill level 5 in Translocations
  7673 | D:8      | Reached skill level 5 in Stealth
  8246 | D:8      | Reached skill level 5 in Invocations
  8297 | D:8      | Found a staircase to the Lair.
  8366 | D:9      | Noticed a hornet
  8396 | D:9      | Reached XP level 10. HP: 79/80 MP: 16/16
  8425 | D:9      | Reached skill level 5 in Summonings
  8454 | D:8      | Reached skill level 5 in Hexes
  8736 | Lair:1   | Entered Level 1 of the Lair of Beasts
  8867 | Lair:1   | Reached skill level 5 in Ice Magic
  9102 | Lair:1   | Noticed a spiny frog
  9102 | Lair:1   | Noticed a black mamba
  9118 | Lair:1   | Killed a black mamba
  9118 | Lair:1   | Reached *** piety under Okawaru
  9118 | Lair:1   | Reached skill level 5 in Staves
  9118 | Lair:1   | Reached skill level 5 in Earth Magic
  9128 | Lair:1   | Killed a spiny frog
  9128 | Lair:1   | Reached skill level 5 in Short Blades
  9128 | Lair:1   | Reached skill level 5 in Spellcasting
  9514 | Lair:1   | Got an encrusted flail
  9515 | Lair:1   | Identified the +7 flail "Jepn" {antimagic, rElec rN+ Dex+2} (You found it on level 1 of the Lair of Beasts)
  9715 | Lair:1   | Reached skill level 5 in Air Magic
 10012 | Lair:2   | Noticed Sergey's ghost (journeyman KoAr)
 10079 | Lair:1   | HP: 4/81 [poisoned by Sergey's ghost]
 10084 | Lair:1   | HP: 2/81 [poisoned by Sergey's ghost]
 10089 | Lair:1   | HP: 2/81 [poisoned by Sergey's ghost]
 10582 | Lair:1   | Reached skill level 5 in Bows
 10582 | Lair:1   | Reached skill level 5 in Conjurations
 10931 | D:9      | Received a gift from Okawaru
 11202 | D:9      | Paralysed by a hornet for 1 turns
 11206 | D:9      | Paralysed by a hornet for 1 turns
 11581 | D:9      | Noticed Pikel
 11617 | D:9      | Killed Pikel
 11617 | D:9      | Reached **** piety under Okawaru
 11678 | D:9      | Found a sacrificial altar of Ru.
 12240 | D:9      | Found a deep blue altar of Sif Muna.
 12314 | D:9      | Found a shattered altar of Ashenzari.
 12527 | D:9      | Reached skill level 5 in Unarmed Combat
 12527 | D:9      | Reached XP level 11. HP: 82/87 MP: 6/19
 12547 | D:9      | Reached skill level 5 in Fire Magic
 12624 | D:9      | Found Fumool's General Store.
 12631 | D:9      | Bought a potion of heal wounds for 60 gold pieces
 12707 | D:10     | Entered Level 10 of the Dungeon
 12717 | D:10     | Reached skill level 5 in Polearms
 12759 | D:10     | Reached skill level 5 in Axes
 12795 | D:10     | Reached skill level 5 in Poison Magic
 12999 | D:10     | Reached ***** piety under Okawaru
 13280 | D:9      | Reached skill level 5 in Maces & Flails
 14085 | D:10     | Reached skill level 5 in Necromancy
 14097 | D:11     | Noticed Sonja
 14106 | D:10     | Slain by an ogre

Vault maps used:
D:1:      dpeg_arrival_brainrot
D:5:      grunt_temple_overflow_holy_war,
          grunt_temple_overflow_lords_of_destruction, first_bread, serial_shops,
          shop_fountains, uniq_eustachio
D:6:      minitemple, minmay_temple_entry_nine_rooms
D:7:      serial_shops, shop
D:8:      nicolae_qazlal_eye_of_the_storm, gammafunk_temple_overflow_wave,
          grunt_lair_entry_orc_guard_hut
D:9:      nicolae_overflow_crystal_walls, nicolae_ru_path_of_blood,
          led_sif_pool, serial_shops, kennysheep_mini, uniq_pikel
D:10:     blue_anna_alchemist
D:11:     orc_0_dummy, xom_shifter_show, uniq_grum, uniq_sonja
Temple:   dpeg_three_leaves_temple
Lair:1:   nicolae_lair_grove_arrangements
Lair:2:   minmay_swamp_entry_wisps, lemuel_fruit_tree, grunt_megastairs_3

Skill      XL: |  1  2  3  4  5  6  7  8  9 10 11 |
---------------+----------------------------------+-----
Short Blades   | 1 2 3 4 5 |  5.3
Ice Magic      | 1 2 3 4 6 |  6.4
Bows           | 1 2 3 4 5 6 |  6.2
Stealth        | 1 2 3 4 5 6 |  6.3
Conjurations   | 1 2 3 4 5 6 |  6.3
Long Blades    | 1 2 3 4 5 6 |  6.5
Evocations     | 1 2 3 5 6 |  6.8
Summonings     | 1 2 4 6 |  6.5
Necromancy     | 1 2 3 4 5 |  5.3
Maces & Flails | 1 2 3 4 5 |  5.0
Slings         | 1 2 3 4 |  4.7
Shields        | 3 4 5 6 |  6.5
Fire Magic     | 1 2 3 4 5 |  5.1
Translocations | 1 2 3 5 6 |  6.4
Polearms       | 1 2 3 4 5 |  5.0
Spellcasting   | 1 2 3 4 5 6 |  6.2
Axes           | 1 2 3 4 5 |  5.0
Staves         | 1 2 3 4 5 |  5.8
Throwing       | 3 4 5 6 |  6.6
Air Magic      | 1 2 3 4 5 |  5.5
Invocations    | 1 2 4 5 6 7 |  7.2
Poison Magic   | 1 2 3 4 5 |  5.1
Armour         | 5 6 7 8 |  8.2
Hexes          | 1 3 4 5 6 |  6.0
Transmutations | 2 3 5 6 |  6.3
Earth Magic    | 2 3 4 5 |  5.9
Crossbows      | 1 2 3 4 |  4.7
Dodging        | 5 6 |  6.8
Unarmed Combat | 3 4 5 |  5.1
Charms         | 1 2 4 |  4.8
Fighting       | 7 8 |  8.9

Action                   |  1- 3 |  4- 6 |  7- 9 | 10-12 || total
-------------------------+-------+-------+-------+-------++-------
Melee: Unarmed           |   140 |       |       |       ||   140
       Bite              |    19 |     4 |    46 |    41 ||   110
       Punch             |     2 |       |     8 |     4 ||    14
       Hand axe          |       |    22 |       |       ||    22
       Rapier            |       |       |   425 |    29 ||   454
       Flail             |       |       |       |   328 ||   328
       Demon whip        |       |       |       |    51 ||    51
 Fire: Hunting sling     |    28 |   145 |    19 |       ||   192
Invok: Heroism           |       |       |       |     1 ||     1
Evoke: Wand              |       |       |     1 |       ||     1
  Use: Potion            |     1 |       |     3 |    12 ||    16
       Scroll            |       |    12 |       |     4 ||    16
 Stab: Sleeping          |       |       |     2 |       ||     2
       Distracted        |       |       |       |     1 ||     1
  Eat: Chunk             |     3 |     7 |    12 |    13 ||    35
       Royal jelly       |       |       |     1 |     1 ||     2
       Bread ration      |       |       |       |     1 ||     1
Armor: Robe              |    25 |       |       |       ||    25
       Skin              |     3 |       |       |    37 ||    40
       Leather armour    |       |     3 |       |       ||     3
       Ring mail         |       |    10 |    21 |       ||    31
       Scale mail        |       |       |    88 |   160 ||   248
Dodge: Dodged            |   116 |    56 |   183 |   266 ||   621
Block: Buckler           |       |       |       |    51 ||    51

Table legend:
 A = Spawn XP
 B = Non-spawn XP
 C = Spawn XP percentage of total XP
 D = Spawn monster count
 E = Non-spawn monster count
 F = Spawn count percentage of total count
 G = Total turns spent on level
                    A         B        C        D         E        F      G
               +---------+---------+-------+---------+---------+-------+---------
         Total |       0 |   11700 |   0.0 |       0 |     214 |   0.0 | 14106
               +---------+---------+-------+---------+---------+-------+---------
           D:1 |       0 |      30 |   0.0 |       0 |      18 |   0.0 |  1287
           D:2 |       0 |      57 |   0.0 |       0 |      22 |   0.0 |  1089
           D:3 |       0 |      82 |   0.0 |       0 |      25 |   0.0 |   910
           D:4 |       0 |     291 |   0.0 |       0 |       5 |   0.0 |  1043
           D:5 |       0 |    1410 |   0.0 |       0 |      24 |   0.0 |  1235
           D:6 |       0 |     376 |   0.0 |       0 |      10 |   0.0 |   659
           D:7 |       0 |     564 |   0.0 |       0 |      11 |   0.0 |  1077
           D:8 |       0 |    1929 |   0.0 |       0 |      28 |   0.0 |  1476
           D:9 |       0 |    3379 |   0.0 |       0 |      40 |   0.0 |  2168
          D:10 |       0 |    1450 |   0.0 |       0 |      22 |   0.0 |   916
        Lair:1 |       0 |    2132 |   0.0 |       0 |       9 |   0.0 |  2090
               +---------+---------+-------+---------+---------+-------+---------
